 Dungeon Crawl Stone Soup version 0.25-a0-1079-g858b6a6ff6 (webtiles) character file.

Game seed: 7811973435648699659, levelgen mode: deterministic

66275 Flugslaktarn the Severer (level 14, -2/133 HPs)
             Began as a Deep Dwarf Fighter on May 15, 2020.
             Was the Champion of Makhleb.
             Slain by the 27-headed Lernaean hydra (8 damage)
             ... on level 4 of the Swamp.
             The game lasted 00:10:50 (12550 turns).

Flugslaktarn the Severer (Deep Dwarf Fighter)      Turns: 12550, Time: 00:10:51

Health: -2/133     AC: 19    Str: 25    XL:     14   Next: 78%
Magic:  11/11      EV: 18    Int:  9    God:    Makhleb [******]
Gold:   1058       SH: 12    Dex: 12    Spells: 13/13 levels left

rFire    . . .     SeeInvis +   f - +1 war axe (distort)
rCold    . . .     Gourm    .   c - +0 kite shield
rNeg     + . .     Faith    +   a - +0 swamp dragon scales
rPois    +         Spirit   .   L - +2 hat {MR+}
rElec    .         Reflect  .   u - +1 cloak
rCorr    .         Harm     .   A - +2 pair of gloves {archery}
MR       +++..                  (no boots)
Stlth    +.........             P - amulet of faith
HPRegen  0.00/turn              i - ring of see invisible
MPRegen  0.12/turn              D - +4 ring of evasion

@: lethally poisoned (-2 -> -2), non-regenerating, very slow
A: damage resistance, heal wounds, hooves 1, negative energy resistance 1, sense
surroundings 2, wild magic 1, MP-powered wands, no regeneration
a: Heal Wounds, Minor Destruction, Lesser Servant of Makhleb, Major Destruction,
Greater Servant of Makhleb, Renounce Religion


You were on level 4 of the Swamp.
You worshipped Makhleb.
Makhleb was exalted by your worship.
You were not hungry.

You visited 4 branches of the dungeon, and saw 25 of its levels.
You also visited: Ossuary, Ice Cave and Volcano.

You collected 1312 gold pieces.
You spent 254 gold pieces at shops.

Inventory:

Hand Weapons
 f - a +1 war axe of distortion (weapon)
   (You took it off Maggie on level 7 of the Dungeon)
 G - a +3 vorpal war axe
   (You found it on level 4 of the Lair of Beasts)
 K - a +1 war axe of draining
   (You found it on level 5 of the Lair of Beasts)
Missiles
 F - a throwing net (quivered)
Armour
 a - +0 swamp dragon scales (worn)
   (You found it on level 1 of the Swamp)
 c - a +0 kite shield (worn)
 s - a +1 plate armour
   (You found it on level 6 of the Dungeon)
 u - a +1 cloak (worn)
   (You found it on level 4 of the Swamp)
 A - a +2 pair of gloves of archery (worn)
   (You found it in an ice cave)
 L - a +2 hat of magic resistance (worn)
   (You took it off Gastronok on level 9 of the Dungeon)
Jewellery
 i - a ring of see invisible (left hand)
   (You found it on level 3 of the Dungeon)
 k - an uncursed ring of resist corrosion
   (You found it on level 7 of the Dungeon)
 D - a +4 ring of evasion (right hand)
   (You found it on level 1 of the Lair of Beasts)
 O - an uncursed amulet of guardian spirit
   (You took it off a wight on level 14 of the Dungeon)
 P - an amulet of faith (around neck)
   (You found it on level 4 of the Swamp)
Wands
 o - a wand of clouds (11)
   (You found it on level 7 of the Dungeon)
 v - a wand of digging (4)
   (You found it on level 4 of the Lair of Beasts)
 C - a wand of acid (9)
   (You found it on level 3 of the Lair of Beasts)
 M - a wand of paralysis (6)
   (You found it on level 13 of the Dungeon)
 Q - a wand of iceblast (6)
   (You found it on level 4 of the Swamp)
Scrolls
 g - 2 scrolls of fog
 m - 5 scrolls of magic mapping
 r - 10 scrolls of identify
 t - 13 scrolls of teleportation
 x - 18 scrolls of remove curse
 y - 2 scrolls of brand weapon
 z - 4 scrolls of blinking
 B - a scroll of fear
 I - a scroll of immolation
 J - 2 scrolls of vulnerability
Potions
 d - 3 potions of might
 h - 8 potions of haste
 j - 7 potions of mutation
 l - a potion of invisibility
 n - a potion of resistance
 p - a potion of brilliance
 q - 5 potions of curing
 w - 5 potions of heal wounds
 E - 3 potions of lignification
 H - 3 potions of berserk rage
 N - a potion of magic {unknown}
Comestibles
 b - 6 chunks of flesh
 e - 19 rations


   Skills:
 + Level 10.8 Fighting
 * Level 16.7 Axes
 + Level 12.6 Armour
 + Level 8.4 Dodging
 - Level 10.0 Shields
 - Level 8.6 Invocations
 - Level 6.0 Evocations


You had 13 spell levels left.
You didn't know any spells.
Your spell library was empty.

Dungeon Overview and Level Annotations

Branches:
Dungeon (15/15)            Temple (1/1) D:7            Lair (5/6) D:10
  Swamp (4/4) Lair:4       Spider (0/4) Lair:2        Slime (0/5) Lair:5
    Orc (0/2) D:9          Vaults (0/5) D:14         Depths (0/5) D:15
Ossuary (visited)           IceCv (visited)         Volcano (visited)

Altars:
Ashenzari
Cheibriados
Dithmenos
Elyvilon
Fedhas
Hepliaklqana
Makhleb
Qazlal
Uskayaw
Vehumet
Wu Jian
Yredelemnul
The Shining One

Shops:
D:7 ?   D:8 %   D:9 [

Annotations:
D:4 1 runed translucent door
Lair:4 exclusion: 2 oklob plants
Swamp:4 Lernaean hydra
Abyss:1 Azrael, Maurice, Rupert


Innate Abilities, Weirdness & Mutations

You are resistant to damage.
You can heal yourself by infusing magical energy.
You resist negative energy. (rN+)
You passively map the area around you.
You do not regenerate.
You have large cloven feet.
Your spells are a little harder to cast, but a little more powerful.
You expend magic power (3 MP) to strengthen your wands.


Message History

The 27-headed Lernaean hydra bites you. The 27-headed Lernaean hydra bites you!
The 27-headed Lernaean hydra bites you but does no damage.
The 27-headed Lernaean hydra bites you. x2
You block the 27-headed Lernaean hydra's attack.
The 27-headed Lernaean hydra bites you. The 27-headed Lernaean hydra bites you!
* * * LOW HITPOINT WARNING * * *
The 27-headed Lernaean hydra bites you!
* * * LOW HITPOINT WARNING * * *
The 27-headed Lernaean hydra bites you but does no damage.
The 27-headed Lernaean hydra bites you!
* * * LOW HITPOINT WARNING * * *
The 27-headed Lernaean hydra bites you!
* * * LOW HITPOINT WARNING * * *
The 27-headed Lernaean hydra bites you but does no damage.
The 27-headed Lernaean hydra closely misses you.
The 27-headed Lernaean hydra bites you!
* * * LOW HITPOINT WARNING * * *
The 27-headed Lernaean hydra closely misses you.
The 27-headed Lernaean hydra bites you!
You die...

* , ,≈≈.≈≈#.≈≈
*♣..≈♣♣♣.≈≈ * , ≈*
≈≈≈≈≈≈..≈# ♣.♣.♣♣♣♣♣♣≈ ≈
≈ ≈.......≈≈##
♣♣♣♣≈...♣♣♣ *≈
#≈D≈≈§≈.≈≈≈# ♣♣≈≈..≈≈≈≈.
≈
≈.≈≈≈#≈≈.≈≈≈#♣♣≈≈≈.≈≈≈≈≈≈
#≈≈≈≈.#≈# ♣....♣♣♣♣≈≈≈ ≈*
≈ ≈ #§D...# ♣♣..♣♣ *♣♣ ≈
#DD§# ♣♣≈.♣ ** * *
#.@≈#*≈♣ ♣♣.♣ * * ##§## .
♣♣♣.♣ ♣♣ **♣≈
##D.#≈♣♣♣≈§[♣♣≈♣ * * *≈
♣. #.≈.#.♣♣≈≈≈≈.≈≈♣* , *
≈≈* ≈
♣.#...≈♣♣≈≈≈≈≈≈≈≈♣*, ≈≈
*♣...[♣♣♣≈.♣#....♣ ≈ * *
♣♣♣..♣≈≈.♣≈.♣♣♣♣≈..§ *
♣♣.......†.♣♣ ...§ , ,, ,
≈ ≈≈♣.≈.....#...♣♣≈ ..≈


You could see the 27-headed Lernaean hydra, a nine-headed hydra and 2 swamp
dragons.

Vanquished Creatures
  Gastronok (D:9)
  A thorn hunter (Swamp:1)
  Kirke (D:13)
  A dire elephant (D:15)
  4 vault guards (D:14)
  A hydra (Swamp:4)
  2 centaur warriors
  3 two-headed ogres
  3 alligators
  3 swamp dragons
  2 unseen horrors
  A deep elf archer (D:14)
  A wizard (D:14)
  An ugly thing (D:13)
  An orc sorcerer (D:14)
  A wolf spider (D:15)
  A deep elf mage (D:14)
  3 cyclopes
  A guardian serpent (shapeshifter) (D:14)
  An ice statue (IceCv)
  4 spiny frogs
  Maggie (D:7)
  A gargoyle (D:12)
  4 komodo dragons
  A kobold demonologist (D:13)
  A redback zombie (D:13)
  2 ice devils (IceCv)
  A komodo dragon (shapeshifter) (D:14)
  2 trolls
  A hornet (D:7)
  9 blink frogs
  6 dream sheep (Lair:5)
  A tyrant leech (Swamp:4)
  3 bog bodies (Lair:4)
  3 slime creatures
  5 hippogriffs
  Sigmund (D:4)
  A shadow (Swamp:4)
  3 wyverns
  A wraith (D:15)
  5 hogs (D:13)
  10 fire bats
  3 fire elementals (D:15)
  13 yaks
  2 basilisks
  A steam dragon (D:11)
  5 vampire mosquitoes
  Menkaure (D:4)
  4 swamp worms
  An acid dragon (D:13)
  4 insubstantial wisps (Swamp:1)
  5 hell hounds
  3 water moccasins
  11 porcupines
  Duvessa (D:7)
  9 swamp drakes
  An ice beast (D:7)
  3 sky beasts
  A black bear (shapeshifter) (D:14)
  5 ogres
  4 phantoms
  6 wolves (Lair:4)
  12 centaurs
  10 crocodiles
  15 bullfrogs
  An elf zombie (Ossuary)
  Dowan (D:7)
  8 scorpions
  A wyvern skeleton (D:14)
  23 killer bees
  6 wights
  An electric eel (Lair:4)
  4 crimson imps
  A bullfrog zombie (D:4)
  4 lava snakes
  3 centaur zombies
  8 hounds
  6 orc priests
  2 jellies
  11 orc wizards
  3 centaur skeletons
  A gnoll shaman (D:9)
  5 iguanas
  8 worker ants
  3 hound zombies
  2 hound skeletons
  4 mummies (Ossuary)
  A howler monkey zombie (D:4)
  11 gnolls
  6 adders
  2 shadow imps
  9 white imps (IceCv)
  5 ufetubi (IceCv)
  4 adder zombies
  An adder skeleton (D:8)
  A worm (D:7)
  10 leopard geckos
  37 orcs
  A bat (D:3)
  A giant cockroach (D:4)
  A gnoll zombie (Ossuary)
  3 hobgoblins
  9 jackals
  2 quokkas
  A frilled lizard (D:2)
  A goblin (D:2)
  A goblin zombie (Ossuary)
  A hobgoblin zombie (Ossuary)
  A jackal skeleton (D:8)
  A jackal zombie (Ossuary)
  9 kobolds
  A kobold zombie (Ossuary)
  A leopard gecko skeleton (D:5)
  A leopard gecko zombie (D:4)
  3 orc zombies (Ossuary)
  A quokka skeleton (D:5)
  A quokka zombie (D:4)
  3 rats
  A rat zombie (Ossuary)
  3 briar patches (Swamp:1)
  2 fungi
  3 plants
464 creatures vanquished.

Vanquished Creatures (others)
  2 fire dragons
  2 hydras
  A rakshasa (D:14)
  A two-headed ogre (D:13)
  2 centaur warriors (D:13)
  2 alligators (Swamp:4)
  A hell hog (Volcano)
  A spriggan rider (Swamp:3)
  An unseen horror (D:13)
  A swamp dragon (Swamp:4)
  2 centaur zombies
  3 manticores
  An ice statue (IceCv)
  2 black mambas
  A spiny frog (Swamp:1)
  2 yaktaurs (D:14)
  4 komodo dragons
  An efreet (D:13)
  A hornet (shapeshifter) (D:15)
  A queen bee (D:9)
  A tyrant leech (Swamp:2)
  3 blink frogs
  2 bog bodies (Swamp:4)
  A dream sheep (Lair:5)
  A slime creature (Lair:5)
  A vampire (D:14)
  10 yaks
  A basilisk (Lair:1)
  3 fire bats (Volcano)
  A vampire mosquito (Swamp:4)
  A water moccasin (Lair:5)
  A hell hound (Volcano)
  2 porcupines (Lair:1)
  An orc warrior (D:15)
  2 sky beasts
  2 swamp drakes (Swamp:4)
  A centaur (D:13)
  A big kobold (D:9)
  2 crocodiles
  2 wights (D:8)
  3 centaur skeletons
  A worker ant (D:9)
  An adder (D:10)
  2 white imps (IceCv)
  2 ufetubi (IceCv)
  4 briar patches (Swamp:1)
  A bush (Lair:5)
  2 fungi (Lair:5)
  6 plants
93 creatures vanquished.

Grand Total: 557 creatures vanquished

Notes
Turn   | Place    | Note
-------+----------+-------------------------------------------
     0 | D:1      | Flugslaktarn the Deep Dwarf Fighter began the quest for the
                  | Orb.
     0 | D:1      | Reached XP level 1. HP: 20/20 MP: 1/1
   192 | D:2      | Reached XP level 2. HP: 20/27 MP: 2/2
   209 | D:2      | Found a white marble altar of Elyvilon.
   284 | D:4      | Found a sand-covered staircase.
   284 | D:4      | Noticed Sigmund
   295 | D:4      | Gained mutation: You have large cloven feet. [potion of
                  | mutation]
   295 | D:4      | Gained mutation: You expend magic power (3 MP) to
                  | strengthen your wands. [potion of mutation]
   295 | D:4      | Gained mutation: Your spells are a little harder to cast,
                  | but a little more powerful. [potion of mutation]
   300 | D:4      | Killed Sigmund
   300 | D:4      | Reached skill level 4 in Axes
   300 | D:4      | Reached XP level 3. HP: 15/34 MP: 3/3
   300 | D:4      | Reached XP level 4. HP: 19/42 MP: 4/4
   300 | D:4      | Reached XP level 5. HP: 22/49 MP: 5/5
   305 | Ossuary  | Entered an ossuary
   321 | Ossuary  | Reached XP level 6. HP: 20/57 MP: 6/6
   503 | D:4      | Reached skill level 5 in Axes
   603 | D:4      | Reached XP level 7. HP: 47/64 MP: 5/5
   664 | D:4      | Reached skill level 5 in Armour
   664 | D:4      | Reached skill level 5 in Shields
   695 | D:4      | Found a white marble altar of Elyvilon.
   696 | D:4      | Found a runed translucent door.
   696 | D:4      | Noticed an angel
   719 | D:4      | Reached skill level 6 in Axes
   903 | D:4      | Noticed Menkaure
   911 | D:4      | Killed Menkaure
  1029 | D:5      | Entered Level 5 of the Dungeon
  1638 | D:5      | Reached XP level 8. HP: 63/73 MP: 6/6
  1763 | D:6      | Reached skill level 7 in Axes
  2354 | D:6      | Reached skill level 5 in Fighting
  2401 | D:7      | Noticed Maggie
  2414 | D:7      | Killed Maggie
  2414 | D:7      | Reached skill level 8 in Axes
  2495 | D:7      | Found Ilaca's Magic Scroll Emporium.
  2509 | D:7      | Bought a scroll of teleportation for 45 gold pieces
  2509 | D:7      | Bought a scroll of enchant armour for 112 gold pieces
  2509 | D:7      | Bought a scroll of teleportation for 45 gold pieces
  2509 | D:7      | Bought a scroll of magic mapping for 52 gold pieces
  2516 | D:7      | Noticed a hornet
  2520 | D:7      | Paralysed by a hornet for 2 turns
  2536 | D:7      | Paralysed by a hornet for 1 turns
  2550 | D:7      | Killed a hornet
  2550 | D:7      | Gained mutation: You passively map the area around you.
                  | [Deep Dwarf growth]
  2550 | D:7      | Reached XP level 9. HP: 65/81 MP: 6/6
  2608 | D:7      | Found a staircase to the Ecumenical Temple.
  2681 | Temple   | Entered the Ecumenical Temple
  2708 | Temple   | Became a worshipper of Makhleb the Destroyer
  2764 | D:7      | Reached skill level 9 in Axes
  2791 | D:7      | Found a snail-covered altar of Cheibriados.
  2886 | D:7      | Reached skill level 1 in Invocations
  3037 | D:7      | Noticed Duvessa
  3038 | D:7      | Noticed Dowan
  3047 | D:7      | Killed Duvessa
  3054 | D:7      | Killed Dowan
  3128 | D:8      | Found a stormy altar of Qazlal.
  3146 | D:8      | Reached * piety under Makhleb
  3329 | D:8      | Reached skill level 10 in Axes
  3435 | D:8      | Found Kualla's Food Shoppe.
  3542 | D:9      | Reached XP level 10. HP: 71/92 MP: 7/7
  3596 | D:9      | Noticed Gastronok
  3620 | D:9      | Reached ** piety under Makhleb
  3633 | D:9      | Killed Gastronok
  3633 | D:9      | Reached skill level 11 in Axes
  3633 | D:9      | Reached skill level 5 in Invocations
  3761 | D:9      | Found a staircase to the Orcish Mines.
  3837 | D:9      | Found Iroedgh's Armour Emporium.
  4100 | D:10     | Entered Level 10 of the Dungeon
  4172 | D:10     | Reached *** piety under Makhleb
  4352 | D:10     | Found a staircase to the Lair.
  4358 | D:10     | Reached XP level 11. HP: 97/100 MP: 10/10
  4605 | Lair:1   | Entered Level 1 of the Lair of Beasts
  4871 | Lair:1   | Found a frozen archway.
  4887 | IceCv    | Entered an ice cave
  4909 | IceCv    | Reached **** piety under Makhleb
  4909 | IceCv    | Reached skill level 12 in Axes
  5008 | IceCv    | Got a pair of jewelled gloves
  5014 | IceCv    | Identified the cursed +0 pair of gloves "Hiemarurch" {rC-
                  | rN+ Dex+4} (You found it in an ice cave)
  5655 | Lair:2   | Found a hole to the Spider Nest.
  5670 | Lair:2   | Noticed an eight-headed hydra
  5677 | Lair:2   | Banished an 11-headed hydra
  5929 | Lair:2   | Found a dark tunnel.
  5938 | Volcano  | Entered a volcano
  6057 | Volcano  | Noticed a hell hog
  6057 | Volcano  | Noticed a fire dragon
  6065 | Volcano  | Banished a fire dragon
  6069 | Volcano  | Reached XP level 12. HP: 68/111 MP: 11/11
  6069 | Volcano  | Banished a hell hog
  6079 | Volcano  | Found a radiant altar of Vehumet.
  6115 | Volcano  | Found a burning altar of Makhleb.
  6448 | Lair:2   | Reached skill level 13 in Axes
  7288 | Lair:4   | Reached skill level 10 in Shields
  7613 | Lair:4   | Found a staircase to the Swamp.
  7615 | Lair:4   | Reached skill level 5 in Evocations
  7958 | Lair:5   | Found a staircase to the Slime Pits.
  7975 | Lair:5   | Reached skill level 10 in Armour
  8095 | Lair:5   | Noticed Rupert
  8099 | Lair:5   | Banished Rupert
  8099 | Lair:5   | Reached skill level 1 in Dodging
  8318 | Lair:5   | Found a radiant altar of Vehumet.
  9070 | D:11     | Reached ***** piety under Makhleb
  9083 | D:11     | Noticed Maurice
  9087 | D:11     | Banished Maurice
  9174 | D:12     | Reached skill level 14 in Axes
  9288 | D:13     | Noticed a two-headed ogre
  9289 | D:13     | Noticed a centaur warrior
  9290 | D:13     | Noticed a centaur warrior
  9303 | D:13     | Banished a centaur warrior
  9303 | D:13     | Reached XP level 13. HP: 92/121 MP: 11/11
  9654 | D:13     | Noticed Kirke
  9658 | D:13     | Reached skill level 5 in Dodging
  9667 | D:13     | Killed Kirke
 10504 | D:14     | Reached skill level 15 in Axes
 10791 | D:14     | Reached skill level 10 in Fighting
 10801 | D:14     | Found a gate to the Vaults.
 10877 | D:14     | Gained mutation: You resist negative energy. (rN+) [Deep
                  | Dwarf growth]
 10877 | D:14     | Reached XP level 14. HP: 92/132 MP: 12/12
 11044 | D:15     | Entered Level 15 of the Dungeon
 11071 | D:15     | Reached ****** piety under Makhleb
 11238 | D:15     | Noticed Azrael
 11248 | D:15     | Banished Azrael
 11306 | D:15     | Found a staircase to the Depths.
 11310 | D:15     | Reached skill level 16 in Axes
 11603 | Swamp:1  | Entered Level 1 of the Swamp
 11912 | Swamp:1  | Noticed a thorn hunter
 11956 | Swamp:1  | Killed a thorn hunter
 12050 | Swamp:4  | Entered Level 4 of the Swamp
 12541 | Swamp:4  | Noticed the 27-headed Lernaean hydra
 12550 | Swamp:4  | HP: 6/133 [the 27-headed Lernaean hydra (6)]
 12550 | Swamp:4  | Slain by the 27-headed Lernaean hydra

Illustrated notes

Levels and vault maps discovered:
D:1:      minmay_arrival_jagged, layout_rooms
D:2:      layout_loops_ring, elyvilon_altar_1
D:3:      layout_loops_ring, kennysheep_flooded_box, kennysheep_generic_room_4,
          uniq_ijyb
D:4:      layout_cave_pools, serial_undead, serial_undead_f, serial_undead_f,
          serial_undead_f, serial_undead_f, first_ration, enter_ossuary_1,
          lemuel_angel_altar, uniq_menkaure, uniq_sigmund
D:5:      layout_loops_corners
D:6:      layout_basic
D:7:      layout_basic, slow_altar_2, minmay_temple_entry_tees, serial_shops,
          shop, uniq_duvessa, uniq_maggie
D:8:      layout_rooms, serial_shops, nicolae_shop_behind_doors, basic_altar
D:9:      layout_long_grid, orc_0_dummy, serial_shops, shop_statue,
          david_nohive_1, wad_floor_pattern_untrapped, st_stairs_4,
          uniq_gastronok
D:10:     layout_big_octagon, minmay_lair_entry_grove
D:11:     kennysheep_six_static_rooms, layout_gridville, uniq_sonja,
          uniq_harold, uniq_maurice
D:12:     layout_roguey, uniq_psyche
D:13:     layout_layer_cave, minivault_22, grunt_decor_clamped, uniq_kirke
D:14:     layout_roguey, grunt_vaults_entry_fortified
D:15:     hangedman_depths_entry_try_elsewhere_first, layout_basic, uniq_louise,
          uniq_nessos, uniq_azrael
Temple:   nicolae_temple_the_god_donut
Lair:1:   beast_lair_carwin_large_2, layout_concentric_octagons,
          portal_ice_cave_entry_pillars_2, patterned_corridor
Lair:2:   layout_cave_pods, spider_nest_entry_web_field,
          nicolae_volcano_entry_batcave, minivault_11
Lair:3:   layout_hall_layers
Lair:4:   layout_regular_city, nicolae_swamp_entry_splash_gauntlet,
          minmay_lair_oklob_chamber
Lair:5:   layout_layer_cave, minmay_slime_entry_pillars, basic_altar,
          uniq_rupert
Swamp:1:  layout_basic_swamp, evilmike_swamp_ruin_house_1, swamp_pool3
Swamp:2:  layout_basic_swamp, evilmike_swamp_ruin_house_4
Swamp:3:  layout_basic_swamp, nicolae_swamp_triple_paths
Swamp:4:  swamp_old_school, layout_basic_swamp, swamp_pool1

Skill      XL: |  1  2  3  4  5  6  7  8  9 10 11 12 13 14 |
---------------+-------------------------------------------+-----
Fighting       | 3 4 5 6 7 8 9 10 | 10.8
Axes           | 4 5 6 8 10 11 12 14 15 16 | 16.7
Armour         | 4 5 6 7 8 9 10 11 12 | 12.6
Shields        | 4 5 6 7 8 9 10 | 10.0
Invocations    | 3 6 8 |  8.6
Evocations     | 6 |  6.0
Dodging        | 3 6 8 |  8.4

Action                   |  1- 3 |  4- 6 |  7- 9 | 10-12 | 13-15 || total
-------------------------+-------+-------+-------+-------+-------++-------
Melee: War axe           |    55 |    27 |   104 |   551 |   587 ||  1324
       Kick              |       |    26 |    88 |   177 |   174 ||   465
       Hand axe          |       |    51 |   227 |       |       ||   278
 Abil: Heal Wounds       |     1 |     2 |     6 |    15 |     4 ||    28
Evoke: Wand              |       |       |     5 |       |       ||     5
  Use: Potion            |     3 |       |     2 |     3 |     1 ||     9
       Scroll            |       |       |    13 |    12 |     6 ||    31
 Stab: Confused          |       |       |       |       |     1 ||     1
  Eat: Chunk             |       |       |     6 |    15 |     5 ||    26
       Ration            |       |       |     1 |     1 |     2 ||     4
Armor: Scale mail        |    21 |    31 |    29 |       |       ||    81
       Plate armour      |       |       |   171 |   318 |   110 ||   599
       Chain mail        |       |       |       |    16 |       ||    16
       Swamp dragon scal |       |       |       |       |    59 ||    59
       Skin              |       |       |       |       |     3 ||     3
Dodge: Dodged            |    18 |    33 |    95 |   181 |   247 ||   574
Block: Kite shield       |    25 |    45 |   226 |   395 |   343 ||  1034

Table legend:
 A = Non-vault XP
 B = Vault XP
 C = Vault XP percentage of total XP
 D = Non-vault monster count
 E = Vault monster count
 F = Vault count percentage of total count
                 A         B        C        D         E       F
            +---------+---------+-------+---------+---------+-------
      Total |   61293 |   33386 |  35.3 |     390 |     150 |  27.8
            +---------+---------+-------+---------+---------+-------
        D:1 |       7 |       0 |   0.0 |       6 |       0 |   0.0
        D:2 |       9 |       0 |   0.0 |       5 |       0 |   0.0
        D:3 |      22 |       0 |   0.0 |       6 |       0 |   0.0
        D:4 |     507 |     570 |  52.9 |      20 |      11 |  35.5
        D:5 |     215 |       0 |   0.0 |       6 |       0 |   0.0
        D:6 |     520 |       0 |   0.0 |      15 |       0 |   0.0
        D:7 |    1425 |     614 |  30.1 |      20 |       4 |  16.7
        D:8 |    1318 |       0 |   0.0 |      32 |       0 |   0.0
        D:9 |    1437 |    3282 |  69.5 |      35 |      16 |  31.4
       D:10 |     730 |    1593 |  68.6 |      21 |      12 |  36.4
       D:11 |     798 |     452 |  36.2 |       4 |       3 |  42.9
       D:12 |    2006 |       0 |   0.0 |      11 |       0 |   0.0
       D:13 |   12318 |    2832 |  18.7 |      63 |       6 |   8.7
       D:14 |    7119 |    7044 |  49.7 |      28 |      10 |  26.3
       D:15 |    5356 |    3813 |  41.6 |      18 |      10 |  35.7
     Lair:1 |    1218 |    1373 |  53.0 |      10 |       6 |  37.5
     Lair:2 |    3267 |     591 |  15.3 |      12 |       3 |  20.0
     Lair:3 |     601 |       0 |   0.0 |       2 |       0 |   0.0
     Lair:4 |    2019 |    1130 |  35.9 |      11 |       6 |  35.3
     Lair:5 |    4807 |    2287 |  32.2 |      22 |       5 |  18.5
    Swamp:1 |    5220 |       0 |   0.0 |      10 |       0 |   0.0
    Swamp:2 |    1175 |       0 |   0.0 |       3 |       0 |   0.0
    Swamp:3 |    2918 |       0 |   0.0 |       9 |       0 |   0.0
    Swamp:4 |    6281 |    2725 |  30.3 |      21 |       6 |  22.2
    Ossuary |       0 |     195 | 100.0 |       0 |      16 | 100.0
      IceCv |       0 |    1512 | 100.0 |       0 |      18 | 100.0
    Volcano |       0 |    3373 | 100.0 |       0 |      18 | 100.0
            +---------+---------+-------+---------+---------+-------
